| TOP OF THE 1ST |
|
Montreal Expos batting - Pitching for Minnesota Twins : RHP Brad Harth
|
|
Pitching: RHP Brad Harth
|
|
|
Batting: LHB Bill McGregor
|
0-0: Foul Ball, location: 2F 0-1: Ball 1-1: Called Strike 1-2: Foul Ball, location: 2F 1-2: Ball 2-2: SINGLE (Flyball, 34D, EV 85.6 MPH)
|
|
Batting: LHB Mark Marvin
|
0-0: Ball 1-0: Ball 2-0: Foul Ball, location: 2F 2-1: SINGLE (Line Drive, 5D, EV 100.0 MPH) Bill McGregor to second
|
|
Batting: LHB Austin Ohmer
|
0-0: 3-RUN HOME RUN (Flyball, 7D, EV 103.8 MPH), Distance : 412 ft
|
|
Batting: LHB Steve Anderson
|
0-0: Ball 1-0: Ball 2-0: Ball 3-0: Base on Balls
|
|
Batting: RHB Steve French
|
0-0: Called Strike 0-1: Foul Ball, location: 2F 0-2: Grounds into double play, 4-6-3 (Groundball, 34, EV 106.9 MPH)
|
|
Batting: SHB Lou Kroneman
|
0-0: Ball 1-0: Called Strike 1-1: SINGLE (Line Drive, 34D, EV 105.0 MPH)
|
|
Batting: RHB John Ham
|
0-0: Ball 1-0: Ball 2-0: Ball 3-0: Called Strike 3-1: Swinging Strike 3-2: Base on Balls Lou Kroneman to second
|
|
Batting: RHB Tommie Eaton
|
0-0: Ball 1-0: Ball 2-0: Called Strike 2-1: Ball 3-1: Ground out U3 (Groundball, 34, EV 108.8 MPH)
|
| Top of the 1st over - 3 runs, 4 hits, 0 errors, 2 left on base; Montreal 3 - Minnesota 0 |
| BOTTOM OF THE 1ST |
|
Minnesota Twins batting - Pitching for Montreal Expos : LHP Brian White
|
|
Pitching: LHP Brian White
|
|
|
Batting: RHB Greg Harman
|
0-0: Called Strike 0-1: Ball 1-1: Ball 2-1: Ball 3-1: Called Strike 3-2: Reached on error, E5 (Groundball, 5, EV 105.6 MPH)
|
|
Batting: LHB Ryan Flynn Jr.
|
0-0: Ball 1-0: SINGLE (Line Drive, 6M, EV 98.1 MPH) Greg Harman to second
|
|
Batting: LHB Ricardo Batista
|
0-0: Called Strike 0-1: Ball 1-1: Fly out, F7 (Flyball, 7, EV 91.9 MPH)
|
|
Batting: RHB Miguel Gonzalez
|
0-0: Called Strike 0-1: Ball 1-1: Ball 2-1: Foul Ball, location: 2F 2-2: Foul Ball, location: 2F 2-2: Fly out, F8 (Line Drive, 8LM, EV 104.4 MPH)
|
|
Batting: RHB Matt Dunn
|
0-0: Ball 1-0: Called Strike 1-1: Ball 2-1: Ball Wild Pitch! Greg Harman to third Ryan Flynn Jr. to second 3-1: Foul Ball, location: 2F 3-2: DOUBLE (Line Drive, 9LD, EV 103.8 MPH) Greg Harman scores Ryan Flynn Jr. scores
|
|
Batting: SHB Bran Stark
|
0-0: Foul Ball, location: 2F 0-1: Ball 1-1: Swinging Strike 1-2: Foul Ball, location: 2F 1-2: Ball 2-2: Ball 3-2: Base on Balls
|
|
Batting: LHB Per Meulengracht
|
0-0: Ball 1-0: Ball 2-0: Ball 3-0: Base on Balls Matt Dunn to third Bran Stark to second
|
|
Batting: RHB Jesse Scott
|
0-0: Called Strike 0-1: Fly out, F3 (Popup, 3D, EV 68.8 MPH)
|
| Bottom of the 1st over - 2 runs, 2 hits, 1 error, 3 left on base; Montreal 3 - Minnesota 2 |
| TOP OF THE 2ND |
|
Montreal Expos batting - Pitching for Minnesota Twins : RHP Brad Harth
|
|
Batting: RHB Tommy Mize
|
0-0: Ball 1-0: Ground out 5-3 (Groundball, 56S, EV 86.2 MPH)
|
|
Batting: LHB Bill McGregor
|
0-0: Ball 1-0: Fly out, F8 (Flyball, 78D, EV 103.8 MPH)
|
|
Batting: LHB Mark Marvin
|
0-0: Foul Ball, location: 2F 0-1: SINGLE (Line Drive, 34D, EV 100.0 MPH)
|
|
Batting: LHB Austin Ohmer
|
0-0: Swinging Strike 0-1: Ball 1-1: Called Strike 1-2: Foul Ball, location: 2F 1-2: Ball 2-2: Ground out 4-3 (Groundball, 4, EV 96.9 MPH)
|
| Top of the 2nd over - 0 runs, 1 hit, 0 errors, 1 left on base; Montreal 3 - Minnesota 2 |
| BOTTOM OF THE 2ND |
|
Minnesota Twins batting - Pitching for Montreal Expos : LHP Brian White
|
|
Batting: RHB José Molina
|
0-0: Foul Ball, location: 2F 0-1: Ball 1-1: Called Strike 1-2: Ball 2-2: Foul Ball, location: 2F 2-2: Foul Ball, location: 2F 2-2: Ball 3-2: Ground out 6-3 (Groundball, 6, EV 91.9 MPH)
|
|
Batting: RHB Greg Harman
|
0-0: Ball 1-0: Ball 2-0: Ball 3-0: Base on Balls
|
|
Batting: LHB Ryan Flynn Jr.
|
0-0: Foul Ball, location: 2F 0-1: Called Strike 0-2: Strikes out swinging
|
|
Batting: LHB Ricardo Batista
|
0-0: Ball 1-0: Foul Ball, location: 2F 1-1: Ball 2-1: Swinging Strike 2-2: DOUBLE (Line Drive, 89D, EV 103.8 MPH) Greg Harman to third
|
|
Batting: RHB Miguel Gonzalez
|
0-0: Called Strike 0-1: Ball 1-1: Swinging Strike 1-2: Strikes out swinging
|
| Bottom of the 2nd over - 0 runs, 1 hit, 0 errors, 2 left on base; Montreal 3 - Minnesota 2 |
| TOP OF THE 3RD |
|
Montreal Expos batting - Pitching for Minnesota Twins : RHP Brad Harth
|
|
Batting: LHB Steve Anderson
|
0-0: Called Strike 0-1: Ball 1-1: Ball 2-1: Ball 3-1: Called Strike 3-2: Foul Ball, location: 2F 3-2: Foul Ball, location: 2F 3-2: Strikes out swinging
|
|
Batting: RHB Steve French
|
0-0: Foul Ball, location: 2F 0-1: Foul Ball, location: 2F 0-2: Ball 1-2: Fly out, F8 (Flyball, 8RD, EV 78.1 MPH)
|
|
Batting: SHB Lou Kroneman
|
0-0: Called Strike 0-1: Ball 1-1: Swinging Strike 1-2: SINGLE (Line Drive, 6D, EV 105.6 MPH)
|
|
Pitching: LHP Bobby Molina
|
|
|
Batting: RHB John Ham
|
0-0: Ball 1-0: Ball 2-0: Fly out, F9 (Flyball, 9S, EV 93.8 MPH)
|
| Top of the 3rd over - 0 runs, 1 hit, 0 errors, 1 left on base; Montreal 3 - Minnesota 2 |
| BOTTOM OF THE 3RD |
|
Minnesota Twins batting - Pitching for Montreal Expos : LHP Brian White
|
|
Batting: RHB Matt Dunn
|
0-0: Ball 1-0: Called Strike 1-1: Foul Ball, location: 2F 1-2: Foul Ball, location: 2F 1-2: Ball 2-2: Foul Ball, location: 2F 2-2: Strikes out swinging
|
|
Batting: SHB Bran Stark
|
0-0: Ball 1-0: Swinging Strike 1-1: Foul Ball, location: 2F 1-2: Fly out, F8 (Flyball, 78D, EV 91.2 MPH)
|
|
Batting: LHB Per Meulengracht
|
0-0: Ground out 3-1 (Groundball, 34S, EV 63.1 MPH)
|
| Bottom of the 3rd over - 0 runs, 0 hits, 0 errors, 0 left on base; Montreal 3 - Minnesota 2 |
| TOP OF THE 4TH |
|
Montreal Expos batting - Pitching for Minnesota Twins : LHP Bobby Molina
|
|
Batting: RHB Tommie Eaton
|
0-0: Called Strike 0-1: Ball 1-1: Ball 2-1: Ball 3-1: Base on Balls
|
|
Batting: RHB Tommy Mize
|
0-0: Ball 1-0: Ball 2-0: Ball 3-0: Base on Balls Tommie Eaton to second
|
|
Pinch Hitting: RHB Jonathan Fraire
|
0-0: Ball 1-0: Reached on error, E5 (Groundball, 56S, EV 63.8 MPH) Tommie Eaton to third Tommy Mize to second
|
|
Batting: LHB Mark Marvin
|
0-0: Foul Ball, location: 2F 0-1: Fly out, F7 (Flyball, 78S, EV 90.6 MPH)
|
|
Batting: LHB Austin Ohmer
|
0-0: Grounds into fielders choice U2 (Groundball, 2L, EV 73.8 MPH) Tommy Mize to third Jonathan Fraire to second
|
|
Batting: LHB Steve Anderson
|
0-0: Ball 1-0: Fly out, F8 (Line Drive, 8LM, EV 97.5 MPH)
|
| Top of the 4th over - 0 runs, 0 hits, 1 error, 3 left on base; Montreal 3 - Minnesota 2 |
| BOTTOM OF THE 4TH |
|
Minnesota Twins batting - Pitching for Montreal Expos : LHP Brian White
|
|
Pitching: RHP Nelson Dawson
|
|
|
Now in LF: John Ham
|
|
|
Now in CF: Jonathan Fraire
|
|
|
Batting: RHB Jesse Scott
|
0-0: Called Strike 0-1: Swinging Strike 0-2: Fly out, F7 (Flyball, 7D, EV 109.4 MPH)
|
|
Batting: RHB José Molina
|
0-0: Ball 1-0: Ball 2-0: Ball 3-0: Called Strike 3-1: Called Strike 3-2: Fly out, F7 (Line Drive, 7, EV 91.9 MPH)
|
|
Pinch Hitting: RHB Alex Sandoval
|
0-0: Ball 1-0: Fly out, F7 (Flyball, 7, EV 78.1 MPH)
|
| Bottom of the 4th over - 0 runs, 0 hits, 0 errors, 0 left on base; Montreal 3 - Minnesota 2 |
| TOP OF THE 5TH |
|
Montreal Expos batting - Pitching for Minnesota Twins : LHP Bobby Molina
|
|
Now at 2B: Alex Sandoval
|
|
|
Now in LF: Harris Vink
|
|
|
Pinch Hitting: RHB Danny Diaz
|
0-0: Called Strike 0-1: Swinging Strike 0-2: Ball 1-2: SOLO HOME RUN (Flyball, 7D, EV 109.4 MPH), Distance : 420 ft
|
|
Batting: RHB Shigem Kubo
|
0-0: Foul Ball, location: 2F 0-1: Ball 1-1: Foul Ball, location: 2F 1-2: Ball 2-2: Ball 3-2: Fly out, F8 (Flyball, 8RS, EV 95.0 MPH)
|
|
Batting: RHB John Ham
|
0-0: Called Strike 0-1: Ball 1-1: Called Strike 1-2: Foul Ball, location: 2F 1-2: Strikes out looking
|
|
Pinch Hitting: RHB Robby Juarez
|
0-0: Called Strike 0-1: Hit by Pitch
|
|
Batting: RHB Tommy Mize
|
0-0: Ball 1-0: Ball 2-0: Called Strike 2-1: Ball 3-1: Base on Balls Robby Juarez to second
|
|
Batting: RHB Jonathan Fraire
|
0-0: Ball 1-0: Called Strike 1-1: Ball 2-1: Ball 3-1: Called Strike 3-2: Fly out, F7 (Flyball, 78D, EV 93.8 MPH)
|
| Top of the 5th over - 1 run, 1 hit, 0 errors, 2 left on base; Montreal 4 - Minnesota 2 |
| BOTTOM OF THE 5TH |
|
Minnesota Twins batting - Pitching for Montreal Expos : RHP Nelson Dawson
|
|
Pitching: RHP Alec Murphy
|
|
|
Now at 2B: Danny Diaz
|
|
|
Now at 3B: Steve Anderson
|
|
|
Now at SS: Robby Juarez
|
|
|
Now in RF: Jake Rheaume
|
|
|
Batting: LHB Ryan Flynn Jr.
|
0-0: Ground out 3-1 (Groundball, 34, EV 86.2 MPH)
|
|
Batting: LHB Ricardo Batista
|
0-0: Ball 1-0: Foul Ball, location: 2F 1-1: Foul Ball, location: 2F 1-2: Ball 2-2: Ball 3-2: Base on Balls
|
|
Pinch Hitting: RHB Cyril Husson
|
0-0: Foul Ball, location: 2F 0-1: Swinging Strike 0-2: Foul Ball, location: 2F 0-2: Foul Ball, location: 2F 0-2: Ball 1-2: Ball 2-2: Strikes out swinging
|
|
Batting: RHB Matt Dunn
|
0-0: Ball 1-0: Ground out 6-3 (Groundball, P, EV 81.2 MPH)
|
| Bottom of the 5th over - 0 runs, 0 hits, 0 errors, 1 left on base; Montreal 4 - Minnesota 2 |
| TOP OF THE 6TH |
|
Montreal Expos batting - Pitching for Minnesota Twins : LHP Bobby Molina
|
|
Pitching: RHP Tony Ramirez
|
|
|
Now at 3B: Cyril Husson
|
|
|
Pinch Hitting: RHB Mike Salmon
|
0-0: Called Strike 0-1: Swinging Strike 0-2: Foul Ball, location: 2F 0-2: Foul Ball, location: 2F 0-2: Strikes out swinging
|
|
Batting: LHB Jake Rheaume
|
0-0: Ball 1-0: Foul Ball, location: 2F 1-1: Foul Ball, location: 2F 1-2: Foul Ball, location: 2F 1-2: Strikes out swinging
|
|
Batting: LHB Steve Anderson
|
0-0: Called Strike 0-1: Ball 1-1: Called Strike 1-2: Foul Ball, location: 2F 1-2: Foul Ball, location: 2F 1-2: Ball 2-2: Ball 3-2: Fly out, F9 (Flyball, 9S, EV 88.1 MPH)
|
| Top of the 6th over - 0 runs, 0 hits, 0 errors, 0 left on base; Montreal 4 - Minnesota 2 |
| BOTTOM OF THE 6TH |
|
Minnesota Twins batting - Pitching for Montreal Expos : RHP Alec Murphy
|
|
Pitching: LHP Kyle Schlosschlonghair
|
|
|
Now at 1B: Davion Lewis
|
|
|
Batting: LHB Harris Vink
|
0-0: Ball 1-0: Ball 2-0: Foul Ball, location: 2F 2-1: Ball 3-1: Called Strike 3-2: Base on Balls
|
|
Pinch Hitting: LHB Peer Derks
|
0-0: Called Strike 0-1: Ball 1-1: Ball 2-1: Called Strike Harris Vink is caught stealing 2nd base 2-6 2-2: Hit by Pitch
|
|
Batting: RHB Jesse Scott
|
0-0: Ball 1-0: Swinging Strike 1-1: Grounds into double play, 6-4-3 (Groundball, 6S, EV 86.2 MPH)
|
| Bottom of the 6th over - 0 runs, 0 hits, 0 errors, 0 left on base; Montreal 4 - Minnesota 2 |
| TOP OF THE 7TH |
|
Montreal Expos batting - Pitching for Minnesota Twins : RHP Tony Ramirez
|
|
Pitching: RHP Jack Overbeek
|
|
|
Now in RF: Peer Derks
|
|
|
Batting: RHB Danny Diaz
|
0-0: Swinging Strike 0-1: Called Strike 0-2: Strikes out swinging
|
|
Pitching: RHP Bryan Hallman
|
|
|
Batting: RHB Shigem Kubo
|
0-0: Ball 1-0: Called Strike 1-1: SOLO HOME RUN (Line Drive, 7LD, EV 96.9 MPH), Distance : 377 ft
|
|
Batting: RHB John Ham
|
0-0: Ball 1-0: Foul Ball, location: 2F 1-1: Ball 2-1: Ball 3-1: Foul Ball, location: 2F 3-2: Foul Ball, location: 2F 3-2: Foul Ball, location: 2F 3-2: Ground out 6-3 (Groundball, 6, EV 110.6 MPH)
|
|
Batting: RHB Robby Juarez
|
0-0: Ball 1-0: Ball 2-0: DOUBLE (Flyball, 8LXD, EV 100.6 MPH)
|
|
Batting: RHB Tommy Mize
|
0-0: Called Strike 0-1: Ground out 4-3 (Groundball, 4, EV 83.8 MPH)
|
| Top of the 7th over - 1 run, 2 hits, 0 errors, 1 left on base; Montreal 5 - Minnesota 2 |
| BOTTOM OF THE 7TH |
|
Minnesota Twins batting - Pitching for Montreal Expos : LHP Kyle Schlosschlonghair
|
|
Batting: LHB Chaim Huting
|
0-0: Ball 1-0: Foul Ball, location: 2F 1-1: Ball 2-1: Foul Ball, location: 2F 2-2: Strikes out swinging
|
|
Batting: RHB Alex Sandoval
|
0-0: Foul Ball, location: 2F 0-1: Ball 1-1: Ball 2-1: Called Strike 2-2: Foul Ball, location: 2F 2-2: Fly out, F7 (Flyball, 78M, EV 87.5 MPH)
|
|
Batting: LHB Ryan Flynn Jr.
|
0-0: Ball 1-0: Foul Ball, location: 2F 1-1: Ball 2-1: Ground out U3 (Groundball, 3, EV 81.2 MPH)
|
| Bottom of the 7th over - 0 runs, 0 hits, 0 errors, 0 left on base; Montreal 5 - Minnesota 2 |
| TOP OF THE 8TH |
|
Montreal Expos batting - Pitching for Minnesota Twins : RHP Bryan Hallman
|
|
Pitching: RHP Matt Springer
|
|
|
Batting: RHB Jonathan Fraire
|
0-0: SINGLE (Flyball, 8LS, EV 90.0 MPH)
|
|
Batting: LHB Davion Lewis
|
0-0: Ball 1-0: DOUBLE (Flyball, 8LXD, EV 91.9 MPH) Jonathan Fraire to third
|
|
Batting: LHB Jake Rheaume
|
0-0: Ball 1-0: Foul Ball, location: 2F 1-1: Ball 2-1: Called Strike 2-2: Ball 3-2: Foul Ball, location: 2F 3-2: Base on Balls
|
|
Batting: LHB Steve Anderson
|
0-0: Called Strike 0-1: Called Strike 0-2: Ball 1-2: Ball 2-2: DOUBLE (Flyball, 8LXD, EV 101.9 MPH) Jonathan Fraire scores Davion Lewis scores Jake Rheaume to third
|
|
Batting: RHB Danny Diaz
|
0-0: Called Strike 0-1: Ball 1-1: Ball 2-1: Ball 3-1: SINGLE (Line Drive, 8RS, EV 94.4 MPH) Jake Rheaume scores Steve Anderson to third
|
|
Pitching: RHP Mark Case
|
|
|
Batting: RHB Shigem Kubo
|
0-0: Called Strike 0-1: DOUBLE (Flyball, 78XD, EV 99.4 MPH) Steve Anderson scores Danny Diaz to third Runner from 3rd tries for Home, SAFE, throw by LF to home
|
|
Batting: RHB John Ham
|
0-0: Ball 1-0: Ground out 5-3 (Groundball, 5, EV 81.2 MPH)
|
|
Batting: RHB Robby Juarez
|
0-0: Called Strike 0-1: Fly out, F8 (Flyball, 8LM, EV 95.0 MPH)
|
|
Batting: RHB Tommy Mize
|
0-0: Called Strike 0-1: Ball 1-1: Ball 2-1: SINGLE (Line Drive, 78S, EV 95.6 MPH) Shigem Kubo to third Runner from 3rd tries for Home, SAFE, throw by LF to home
|
|
Batting: RHB Jonathan Fraire
|
0-0: Ball 1-0: Ball 2-0: Called Strike 2-1: Swinging Strike 2-2: Fly out, F8 (Flyball, 78D, EV 110.6 MPH)
|
| Top of the 8th over - 6 runs, 6 hits, 0 errors, 1 left on base; Montreal 11 - Minnesota 2 |
| BOTTOM OF THE 8TH |
|
Minnesota Twins batting - Pitching for Montreal Expos : LHP Kyle Schlosschlonghair
|
|
Pitching: LHP Chris Ross
|
|
|
Batting: LHB Ricardo Batista
|
0-0: Ball 1-0: Ball 2-0: Ground out 6-3 (Groundball, 6, EV 77.5 MPH)
|
|
Batting: RHB Cyril Husson
|
0-0: Called Strike 0-1: Fly out, F9 (Flyball, 89M, EV 88.8 MPH)
|
|
Batting: RHB Matt Dunn
|
0-0: Foul Ball, location: 2F 0-1: Ground out U3 (Groundball, 3, EV 82.5 MPH)
|
| Bottom of the 8th over - 0 runs, 0 hits, 0 errors, 0 left on base; Montreal 11 - Minnesota 2 |
| TOP OF THE 9TH |
|
Montreal Expos batting - Pitching for Minnesota Twins : RHP Mark Case
|
|
Pitching: RHP Matt Lundy
|
|
|
Batting: LHB Davion Lewis
|
0-0: Ground out U3 (Groundball, 34S, EV 79.4 MPH)
|
|
Batting: LHB Jake Rheaume
|
0-0: Ball 1-0: Ball 2-0: Called Strike 2-1: Called Strike 2-2: Ball 3-2: Foul Ball, location: 2F 3-2: Fly out, F9 (Flyball, 89D, EV 108.1 MPH)
|
|
Batting: LHB Steve Anderson
|
0-0: Ball 1-0: Ball 2-0: Ball 3-0: Foul Ball, location: 2F 3-1: Swinging Strike 3-2: Foul Ball, location: 2F 3-2: Base on Balls
|
|
Pinch Hitting: RHB Eugênio Asceno
|
0-0: Ball 1-0: SINGLE (Groundball, 34D, EV 95.0 MPH) Steve Anderson to second Runner from 2nd tries for 3rd, SAFE, throw by RF made to third
|
|
Now in RF: Miguel Diaz
|
|
|
Batting: RHB Nick Sharp
|
0-0: Ball 1-0: DOUBLE (Groundball, 5L, EV 104.4 MPH) Steve Anderson scores Eugênio Asceno to third Runner from 3rd tries for Home, SAFE, throw by LF to trailing runner, SAFE at third!
|
|
Batting: RHB John Ham
|
0-0: Ball 1-0: Ground out 6-3 (Groundball, 6S, EV 81.2 MPH)
|
| Top of the 9th over - 2 runs, 2 hits, 0 errors, 1 left on base; Montreal 13 - Minnesota 2 |
| BOTTOM OF THE 9TH |
|
Minnesota Twins batting - Pitching for Montreal Expos : LHP Chris Ross
|
|
Pitching: RHP Chet Tague
|
|
|
Now at 2B: Eugênio Asceno
|
|
|
Batting: LHB Harris Vink
|
0-0: Foul Ball, location: 2F 0-1: Ball 1-1: Foul Ball, location: 2F 1-2: Ball 2-2: Strikes out swinging
|
|
Batting: RHB Miguel Diaz
|
0-0: Ball 1-0: Ball 2-0: Ball 3-0: Called Strike 3-1: Called Strike 3-2: Base on Balls
|
|
Batting: RHB Jesse Scott
|
0-0: Ball 1-0: Ball 2-0: Ball 3-0: Base on Balls Miguel Diaz to second
|
|
Batting: LHB Chaim Huting
|
0-0: Called Strike 0-1: Ball 1-1: Ball 2-1: Called Strike 2-2: Strikes out swinging
|
|
Batting: RHB Alex Sandoval
|
0-0: Foul Ball, location: 2F 0-1: Foul Ball, location: 2F 0-2: Ball 1-2: Fielders Choice at 2nd, 6-4 (Groundball, 6, EV 80.0 MPH)
|
| Bottom of the 9th over - 0 runs, 0 hits, 0 errors, 2 left on base; Montreal 13 - Minnesota 2 |
|